 Dungeon Crawl Stone Soup version 0.30.0-5-g1a98f26d00 (webtiles) character file.

Game seed: 2755951610875541793

88 browni3141 the Trooper (level 4, -6/50 HPs)
             Began as an Ogre Delver on May 10, 2023.
             Mangled by an orc priest
             ... wielding a +0 hand axe
              (7 damage)
             ... on level 5 of the Dungeon.
             The game lasted 00:02:16 (394 turns).

browni3141 the Trooper (Ogre Delver)                 Turns: 394, Time: 00:02:17

Health: -6/50      AC:  3    Str: 18    XL:     4   Next: 53%
Magic:  4/4        EV:  9    Int: 11    God:
Gold:   0          SH:  0    Dex: 10    Spells: 3/3 levels left

rFire   . . .        a - +0 mace
rCold   . . .        (no shield)
rNeg    . . .        b - +0 robe
rPois   .            (helmet restricted)
rElec   .            (no cloak)
rCorr   .            (gloves unavailable)
SInv    .            (boots unavailable)
Will    .....        (no amulet)
Stlth   ++           (no ring)
HPRegen 0.28/turn    (no ring)
MPRegen 0.09/turn

%: no passive effects
@: no status effects
A: large, unfitting armour, tough skin 1
a: no special abilities


You were on level 5 of the Dungeon.
You visited 1 branch of the dungeon, and saw 2 of its levels.

Inventory:

Hand Weapons
 a - a +0 mace (weapon)
Armour
 b - a +0 robe (worn)
Jewellery
 G - a ring of wizardry
Wands
 g - a wand of digging (1)
Scrolls
 d - a scroll of magic mapping
 e - a scroll of fear
 F - a scroll of fog
 H - a scroll of poison {unknown}


   Skills:
 + Level 5.1 Fighting
 * Level 3.5 Maces & Flails
 - Level 1.7 Dodging
 - Level 3.7 Stealth


You had 3 spell levels left.
You didn't know any spells.
Your spell library was empty.

Dungeon Overview and Level Annotations

Branches:
Dungeon (6/15)
 Temple: D:4-7

Altars:

Annotations:
D:5 exclusion: centaur


Innate Abilities, Weirdness & Mutations

You are too large for most types of armour.
You have tough skin. (AC +1)


Message History

You have reached level 4!
You start resting.
HP restored.
Found a stone staircase leading up.
Found a stone staircase leading down.
A hound comes into view.
The hound barks!
A black bear comes into view.
A gnoll comes into view. It is wielding a +0 whip.
The hound attacks as you move away! The hound bites you.
You miss the hound. The hound barely misses you. The hound closely misses you.
The hound attacks as you move away! The hound bites you.
The hound closely misses you. The hound barely misses you.
You see here an adder corpse.
You hit the hound.
The hound is lightly wounded.
The hound bites you. The hound misses you.
You barely miss the hound. Your punch misses the hound.
The hound is lightly wounded.
The hound bites you. The hound barely misses you.
You barely miss the hound.
The hound is lightly wounded.
The hound barely misses you. The hound bites you.
You sock the hound!
The hound is heavily wounded.
The hound bites you.
The black bear bites you but does no damage.
The black bear barely misses you.
The black bear claws you but does no damage.
The hound barely misses you.
You hit the hound but do no damage.
The hound is heavily wounded.
The hound bites you. x2
You closely miss the hound.
The hound is heavily wounded.
The hound bites you. x2
You are too injured to fight recklessly!
You hit the hound but do no damage.
The hound is heavily wounded.
The hound bites you.
You hit the hound but do no damage.
The hound is heavily wounded.
The hound bites you. x2
* * * LOW HITPOINT WARNING * * *
You hit the hound.
The hound is severely wounded.
The hound barely misses you. x2
You sock the hound!
You kill the hound!
Your Fighting skill increases to level 5!
You feel yourself speed up. The black bear bites you.
* * * LOW HITPOINT WARNING * * *
The black bear claws you but does no damage.
The black bear claws you.
* * * LOW HITPOINT WARNING * * *
There is a stone staircase leading up here.
The gnoll shouts!
A gnoll comes into view. It is wielding a +0 flail.
A gnoll comes into view. It is wielding a +0 spear.
The gnoll shouts! x2
The gnoll moves out of view.
There is a stone staircase leading up here.
You climb upwards.
Level annotation: exclusion: centaur
There is a stone staircase leading down here.
The orc priest shouts!
You hear a shout!
Aiming: Dig
Press: ? - help, Shift-Dir - straight line A rock wall.
The rock shatters into small pieces.
Aiming: Dig
Press: ? - help, Shift-Dir - straight line A rock wall.
The rock shatters into small pieces.
You start resting.
Your extra speed is starting to run out.
You closely miss the orc priest.
The orc priest hits you with a +0 hand axe.
* * * LOW HITPOINT WARNING * * *
You closely miss the orc priest.
The orc priest hits you with a +0 hand axe.
* * * LOW HITPOINT WARNING * * *
You closely miss the orc priest. The orc priest completely misses you.
You hit the orc priest but do no damage.
You hit the orc priest but do no damage.
The orc priest hits you with a +0 hand axe.
* * * LOW HITPOINT WARNING * * *
You hit the orc priest but do no damage.
You feel yourself slow down.
The orc priest casts a cantrip, but nothing happens.
You hit the orc priest.
The orc priest is lightly wounded.
The orc priest hits you but does no damage.
You barely miss the orc priest.
The orc priest is lightly wounded.
The orc priest hits you with a +0 hand axe!
* * * LOW HITPOINT WARNING * * *
The orc priest hits you with a +0 hand axe!
You die...

## ## #.# #.# #.#
#.# #.# #.# #.###.#
#.#@# #o##
##.########
#####........####
..........##......
..............#####
...........#......#
................#
............o...#


You could see an orc priest.

Vanquished Creatures
  2 hounds (D:6)
  2 adders
  A shadow imp (D:5)
  An orc (D:5)
6 creatures vanquished.

Notes
Turn   | Place    | Note
-------+----------+-------------------------------------------
     0 | D:5      | browni3141 the Ogre Delver began the quest for the Orb.
     0 | D:5      | Reached XP level 1. HP: 24/24 MP: 1/1
    60 | D:5      | Reached XP level 2. HP: 32/32 MP: 2/2
    77 | D:5      | Noticed a centaur
   262 | D:6      | Reached skill level 3 in Maces & Flails
   262 | D:6      | Reached XP level 3. HP: 31/41 MP: 3/3
   266 | D:6      | Reached XP level 4. HP: 33/49 MP: 4/4
   329 | D:6      | Noticed a black bear
   348 | D:6      | Reached skill level 5 in Fighting
   394 | D:5      | HP: 1/50 [orc priest/+0 hand axe (7)]
   394 | D:5      | Mangled by an orc priest

Illustrated notes

Levels and vault maps discovered:
D:5:      layout_basic, lemuel_coloured_pillars_altar,
          mainiacjoe_overflow_boulevard, uniq_sigmund
D:6:      minmay_skewed_foursquare, layout_rooms,
          gammafunk_temple_overflow_elements, temple_statues

Skill      XL: |  1  2  3  4 |
---------------+-------------+-----
Maces & Flails | 2 3 |  3.5
Fighting       | 5 |  5.1
Dodging        | |  1.7
Stealth        | |  3.7

Action                     |  1- 3 |  4- 6 || total
---------------------------+-------+-------++-------
  Melee: Mace              |    23 |    19 ||    42
         Punch             |     1 |       ||     1
  Evoke: Wand              |       |     2 ||     2
    Use: Potion            |       |     1 ||     1
   Stab: Sleeping          |     2 |       ||     2
 Armour: Robe              |     8 |     4 ||    12
  Dodge: Dodged            |    13 |    12 ||    25
